 Dungeon Crawl Stone Soup version 0.30-a0-782-ge64f9170bb (webtiles) character file.

Game seed: 3261496273543086012

53 Dirtsage the Chopper (level 3, -1/29 HPs)
             Began as a Demonspawn Fighter on Mar 9, 2023.
             Slain by a gnoll
             ... wielding a +0 halberd
              (2 damage)
             ... on level 2 of the Dungeon.
             The game lasted 00:01:31 (915 turns).

Dirtsage the Chopper (Demonspawn Fighter)            Turns: 915, Time: 00:01:31

Health: -1/29      AC:  9    Str: 18    XL:     3   Next: 64%
Magic:  3/3        EV:  9    Int:  9    God:
Gold:   55         SH:  4    Dex: 12    Spells: 2/2 levels left

rFire   . . .      SeeInvis .    a - +0 war axe
rCold   . . .      Faith    .    c - +0 buckler
rNeg    . . .      Spirit   .    b - +0 scale mail
rPois   .          Reflect  .    (no helmet)
rElec   .          Harm     .    (no cloak)
rCorr   .          Rampage  .    (no gloves)
Will    .....                    i - +0 pair of boots Stlth
                                 g - amulet of the acrobat
HPRegen 0.24/turn                (no ring)
MPRegen 0.16/turn                (no ring)

@: lethally poisoned (-1 -> -8)
A: yellow scales 1, magic regeneration
a: no special abilities


You were on level 2 of the Dungeon.
You visited 1 branch of the dungeon, and saw 2 of its levels.

You collected 55 gold pieces.

Inventory:

Hand Weapons
 a - a +0 war axe (weapon)
Armour
 b - a +0 scale mail (worn)
 c - a +0 buckler (worn)
 i - a +0 pair of boots (worn)
Jewellery
 g - an amulet of the acrobat (around neck)
Scrolls
 e - a scroll of vulnerability {unknown}
 f - a scroll of acquirement {unknown}
 h - a scroll of brand weapon {unknown}
 j - a scroll of identify {unknown}
Potions
 d - a potion of might


   Skills:
 - Level 3.0 Fighting
 + Level 3.7 Axes
 - Level 2.6 Armour
 - Level 2.6 Shields


You had 2 spell levels left.
You didn't know any spells.
Your spell library was empty.

Dungeon Overview and Level Annotations

Branches:
Dungeon (2/15)

Altars:


Innate Abilities, Weirdness & Mutations

You are partially covered in yellow scales. (AC +2)
You regenerate magic rapidly.


Message History

The gnoll hits you from afar with a +0 halberd of venom.
You are poisoned.
The gnoll barely misses you.
You take 5 damage, and have 23/29 hp.
You feel very sick.
A ball python comes into view.
You take 3 damage, and have 20/29 hp.
You feel sick.
The ball python hisses angrily.
You take 1 damage, and have 19/29 hp.
You feel sick. The ball python closely misses you.
You block the ball python's attack.
You take 1 damage, and have 18/29 hp.
You feel sick.
You take 2 damage, and have 16/29 hp.
You feel sick. You block the ball python's attack.
The ball python closely misses you.
You take 1 damage, and have 15/29 hp.
You feel sick.
You feel sick.
There is a stone staircase leading up here.
You take 1 damage, and have 14/29 hp.
You feel sick.
You are no longer poisoned.
The ball python bites you but does no damage.
You block the ball python's attack.
The ball python bites you but does no damage.
The ball python grabs you.
You stop ascending the stairs.
The ball python constricts you.
The gnoll hits you from afar with a +0 halberd of venom!
* * * LOW HITPOINT WARNING * * *
You are lethally poisoned!
You take 9 damage, and have 5/29 hp.
MASSIVE DAMAGE!!
Okay, then.
You slash the ball python!
You kill the ball python!
* * * LOW HITPOINT WARNING * * *
You feel very sick.
The gnoll hits you from afar with a +0 halberd.
You die...

#.. ### #.# #..
#####.# #.# #.....#
..### #....##
....#########.....#
.......)....g.....#
.....########.g...#
###...###.....g†@.#
#.....#.........#
#.###....##.##.##
#.###...###.##.#
#....>#.........
#####.######.....
#.# ...... #.#
....... ..# ......


You could see 3 gnolls.

Vanquished Creatures
  A gnoll (D:2)
  An adder (D:2)
  2 dart slugs (D:1)
  4 endoplasms
  A giant cockroach (D:1)
  6 goblins (D:1)
  3 hobgoblins (D:1)
  A kobold (D:1)
  5 ball pythons
  A bat (D:1)
  3 frilled lizards (D:1)
  3 rats
31 creatures vanquished.

Notes
Turn   | Place    | Note
-------+----------+-------------------------------------------
     0 | D:1      | Dirtsage the Demonspawn Fighter began the quest for the
                  | Orb.
     0 | D:1      | Reached XP level 1. HP: 18/18 MP: 1/1
   202 | D:1      | Gained mutation: You are partially covered in yellow
                  | scales. (AC +2) [demonic ancestry]
   202 | D:1      | Reached XP level 2. HP: 17/24 MP: 2/2
   650 | D:1      | Gained mutation: You regenerate magic rapidly. [demonic
                  | ancestry]
   650 | D:1      | Reached XP level 3. HP: 29/29 MP: 3/3
   915 | D:2      | HP: 1/29 [poisoned by a gnoll]
   915 | D:2      | Slain by a gnoll

Illustrated notes

Levels and vault maps discovered:
D:1:      elethiomel_arrival_maze, layout_loops_ring, serial_rivers,
          chequers_serial_rivers_micro_e, chequers_serial_rivers_marsh,
          chequers_serial_rivers_marsh, chequers_serial_rivers_micro_c,
          chequers_serial_rivers_small_b
D:2:      layout_basic

Skill      XL: |  1  2 |
---------------+-------+-----
Axes           | 2 3 |  3.7
Fighting       | |  3.0
Armour         | |  2.6
Shields        | |  2.6

Action                     || total
---------------------------++-------
  Melee: War axe           ||    84
 Armour: Scale mail        ||    43
  Dodge: Dodged            ||    38
  Block: Buckler           ||    14

Table legend: (Time is in decaauts)
 A = Elapsed time spent in this place.
 B = Non-inter-level travel time spent in this place.
 C = Inter-level travel time spent in this place.
 D = Time resting spent in this place.
 E = Time spent auto-exploring this place.
 F = Levels seen in this place.
 G = Mean time per level.
                   A        B        C        D        E       F      G
               +--------+--------+--------+--------+--------+-----+--------+
         Total |    955 |    923 |     32 |      0 |    706 |   2 |  477.5 |
       Dungeon |    955 |    923 |     32 |      0 |    706 |   2 |  477.5 |
               +--------+--------+--------+--------+--------+-----+--------+

Top non-repeatable levels by time:
     D:1: 886 daAuts
     D:2: 69 daAuts
